[ AOE2 MATCH · #507355350 ]
UnrankedSaracens vs Spanish
Player's team · LOSS
Rival team · WIN
[ REPLAY ANALYSIS · EXTRACTED FROM THE RECORDED GAME ]
Feudal
9:01
Castle
21:17
Imperial
—
| APM avg | 62.3 |
| APM peak | 105 |
| eAPM avg | 31.5 |
| Villagers / military | 119 / 31 |
Focus
⚔️ 29.7% · 🌾 70.3%
Archer ×11 · Scout Cavalry ×9 · Battering Ram ×5 · Knight ×3 · Monk ×2 · Spearman ×1
Feudal
9:15
Castle
22:30
Imperial
—
| APM avg | 62.0 |
| APM peak | 108 |
| eAPM avg | 36.9 |
| Villagers / military | 114 / 36 |
Focus
⚔️ 53.4% · 🌾 46.6%
Skirmisher ×10 · Spearman ×9 · Conquistador ×5 · Battering Ram ×5 · Missionary ×4 · Monk ×1
Match map
Initial resources + every placement click. Lines = walls · curves = elevation contours. ◆ gold · ⬟ stone · ● berries · ✦ relic · ◌ wall gap
Your base· Open — 3t gap
No more T1LT's base· ✓ Closed at 22:30 · 57t walls · 1 gate(s)
Smoothed initial terrain · ◌ = detected wall gap · hover for details
Inputs per minute
— XEVER | CaboBV - - No more T1LT
Build order — XEVER | CaboBV
First 150 of 274 actions detected
| 0:00 | Queue | Villager (Male) |
| 0:00 | Queue | Villager (Male) |
| 0:00 | Queue | Villager (Male) |
| 0:01 | Queue | Villager (Male) |
| 0:02 | Build | House |
| 0:03 | Build | House |
| 1:25 | Queue | Villager (Male) |
| 1:59 | Queue | Villager (Male) |
| 2:01 | Build | Lumber Camp |
| 2:21 | Queue | Villager (Male) |
| 2:50 | Queue | Villager (Male) |
| 3:20 | Queue | Villager (Male) |
| 3:41 | Queue | Villager (Male) |
| 3:56 | Build | House |
| 3:59 | Build | House |
| 4:05 | Queue | Villager (Male) |
| 4:17 | Build | House |
| 4:39 | Queue | Villager (Male) |
| 4:53 | Queue | Villager (Male) |
| 5:09 | Build | Mill |
| 5:22 | Queue | Villager (Male) |
| 5:34 | Queue | Villager (Male) |
| 5:36 | Research | Loom |
| 6:51 | Research | Feudal Age |
| 7:36 | Build | House |
| 7:38 | Build | House |
| 7:49 | Build | Barracks |
| 8:05 | Build | Mining Camp |
| 8:22 | Queue | Villager (Male) |
| 8:55 | Build | Palisade Gate |
| 9:01 | Age | Feudal Age |
| 9:03 | Build | Archery Range |
| 9:06 | Queue | Villager (Male) |
| 9:07 | Research | Double-Bit Axe |
| 9:10 | Queue | Villager (Male) |
| 9:25 | Build | Palisade Wall |
| 9:28 | Queue | Spearman |
| 9:43 | Queue | Archer |
| 9:45 | Queue | Archer |
| 10:03 | Queue | Archer |
| 10:12 | Queue | Villager (Male) |
| 10:16 | Build | House |
| 10:18 | Queue | Villager (Male) |
| 10:21 | Build | House |
| 10:24 | Build | House |
| 10:30 | Build | House |
| 10:35 | Queue | Archer |
| 10:41 | Queue | Archer |
| 10:51 | Queue | Villager (Male) |
| 10:52 | Build | Farm |
| 11:03 | Queue | Archer |
| 11:20 | Build | House |
| 11:53 | Queue | Archer |
| 12:03 | Queue | Archer |
| 12:04 | Queue | Villager (Male) |
| 12:05 | Build | Farm |
| 12:33 | Queue | Villager (Male) |
| 12:34 | Build | Farm |
| 12:34 | Queue | Villager (Male) |
| 12:38 | Build | Market |
| 12:45 | Queue | Villager (Male) |
| 12:47 | Build | House |
| 12:57 | Queue | Archer |
| 13:03 | Queue | Villager (Male) |
| 13:04 | Build | Farm |
| 13:07 | Build | Palisade Wall |
| 13:15 | Build | Palisade Wall |
| 13:20 | Queue | Archer |
| 13:30 | Queue | Villager (Male) |
| 13:37 | Build | Farm |
| 13:37 | Queue | Villager (Male) |
| 13:55 | Queue | Villager (Male) |
| 14:08 | Queue | Villager (Male) |
| 14:10 | Build | Farm |
| 14:11 | Build | Farm |
| 14:15 | Build | Farm |
| 14:21 | Build | Farm |
| 14:46 | Queue | Villager (Male) |
| 14:48 | Build | House |
| 14:50 | Build | Palisade Wall |
| 15:09 | Build | Farm |
| 15:09 | Queue | Villager (Male) |
| 15:21 | Queue | Villager (Male) |
| 15:27 | Build | Farm |
| 15:27 | Queue | Villager (Male) |
| 15:37 | Build | Farm |
| 15:44 | Build | Watch Tower |
| 15:52 | Build | Watch Tower |
| 16:00 | Queue | Villager (Male) |
| 16:03 | Queue | Villager (Male) |
| 16:32 | Build | Lumber Camp |
| 16:37 | Queue | Villager (Male) |
| 16:40 | Queue | Villager (Male) |
| 16:57 | Queue | Villager (Male) |
| 17:02 | Queue | Villager (Male) |
| 17:16 | Build | Farm |
| 17:28 | Build | House |
| 17:34 | Build | Watch Tower |
| 17:52 | Queue | Villager (Male) |
| 18:23 | Build | Palisade Gate |
| 18:30 | Build | Farm |
| 18:37 | Research | Castle Age |
| 18:52 | Build | Stable |
| 19:11 | Build | Farm |
| 19:14 | Queue | Villager (Male) |
| 19:25 | Queue | Villager (Male) |
| 19:36 | Build | Stable |
| 20:04 | Queue | Scout Cavalry |
| 20:04 | Queue | Scout Cavalry |
| 20:12 | Queue | Scout Cavalry |
| 20:14 | Queue | Scout Cavalry |
| 20:36 | Queue | Scout Cavalry |
| 20:54 | Queue | Villager (Male) |
| 20:56 | Queue | Villager (Male) |
| 21:05 | Queue | Scout Cavalry |
| 21:15 | Queue | Villager (Male) |
| 21:17 | Age | Castle Age |
| 21:51 | Queue | Villager (Male) |
| 21:58 | Queue | Scout Cavalry |
| 22:00 | Queue | Villager (Male) |
| 22:02 | Queue | Knight |
| 22:06 | Queue | Knight |
| 22:07 | Queue | Villager (Male) |
| 22:11 | Build | House |
| 22:12 | Build | Blacksmith |
| 22:13 | Queue | Villager (Male) |
| 22:32 | Queue | Villager (Male) |
| 22:33 | Queue | Villager (Male) |
| 22:37 | Queue | Villager (Male) |
| 22:41 | Queue | Villager (Male) |
| 22:54 | Build | Siege Workshop |
| 22:55 | Queue | Villager (Male) |
| 22:58 | Build | Monastery |
| 23:02 | Queue | Villager (Male) |
| 23:04 | Build | House |
| 23:10 | Build | Farm |
| 23:10 | Build | Farm |
| 23:15 | Build | Farm |
| 23:19 | Queue | Villager (Male) |
| 23:24 | Build | House |
| 23:30 | Research | Bow Saw |
| 23:34 | Queue | Villager (Male) |
| 23:42 | Queue | Battering Ram |
| 23:47 | Build | Palisade Gate |
| 23:55 | Build | Palisade Gate |
| 23:56 | Build | Palisade Gate |
| 23:57 | Queue | Villager (Male) |
| 23:59 | Queue | Villager (Male) |
| 24:09 | Queue | Villager (Male) |
| 24:12 | Build | Farm |
Build order — No more T1LT
First 150 of 292 actions detected
| 0:00 | Queue | Villager (Male) |
| 0:00 | Queue | Villager (Male) |
| 0:02 | Build | House |
| 0:02 | Build | House |
| 0:08 | Queue | Villager (Male) |
| 0:09 | Queue | Villager (Male) |
| 1:25 | Queue | Villager (Male) |
| 1:37 | Queue | Villager (Male) |
| 1:37 | Queue | Villager (Male) |
| 1:47 | Build | Lumber Camp |
| 2:14 | Queue | Villager (Male) |
| 2:43 | Queue | Villager (Male) |
| 3:07 | Queue | Villager (Male) |
| 3:35 | Queue | Villager (Male) |
| 3:49 | Build | House |
| 3:57 | Queue | Villager (Male) |
| 4:04 | Queue | Villager (Male) |
| 4:04 | Queue | Villager (Male) |
| 4:53 | Build | Mill |
| 4:57 | Queue | Villager (Male) |
| 4:59 | Queue | Villager (Male) |
| 5:26 | Queue | Villager (Male) |
| 5:41 | Queue | Villager (Male) |
| 5:55 | Build | House |
| 5:58 | Build | House |
| 6:09 | Queue | Villager (Male) |
| 6:20 | Build | Mill |
| 6:40 | Research | Loom |
| 7:03 | Research | Feudal Age |
| 7:33 | Build | Lumber Camp |
| 8:03 | Queue | Villager (Male) |
| 8:44 | Build | Barracks |
| 8:46 | Queue | Villager (Male) |
| 9:15 | Age | Feudal Age |
| 9:28 | Build | Archery Range |
| 9:40 | Queue | Villager (Male) |
| 9:49 | Build | House |
| 9:58 | Queue | Spearman |
| 9:59 | Research | Double-Bit Axe |
| 10:03 | Queue | Villager (Male) |
| 10:13 | Build | House |
| 10:17 | Queue | Skirmisher |
| 10:20 | Queue | Villager (Male) |
| 10:32 | Queue | Skirmisher |
| 10:35 | Queue | Villager (Male) |
| 10:45 | Build | House |
| 10:50 | Build | Palisade Wall |
| 10:51 | Build | Palisade Wall |
| 10:55 | Queue | Villager (Male) |
| 11:03 | Queue | Skirmisher |
| 11:06 | Build | Farm |
| 11:08 | Build | Farm |
| 11:31 | Build | Farm |
| 11:50 | Queue | Villager (Male) |
| 11:56 | Queue | Skirmisher |
| 11:58 | Build | Farm |
| 12:00 | Build | Farm |
| 12:00 | Build | Farm |
| 12:09 | Build | House |
| 12:13 | Queue | Villager (Male) |
| 12:22 | Queue | Villager (Male) |
| 12:42 | Build | Blacksmith |
| 12:43 | Build | House |
| 12:58 | Queue | Villager (Male) |
| 13:07 | Queue | Skirmisher |
| 13:10 | Build | Farm |
| 13:12 | Build | Farm |
| 13:26 | Queue | Villager (Male) |
| 13:27 | Research | Town Watch |
| 13:29 | Queue | Skirmisher |
| 13:34 | Build | Watch Tower |
| 13:44 | Build | House |
| 13:46 | Build | Palisade Wall |
| 13:47 | Build | Palisade Wall |
| 13:52 | Build | Palisade Wall |
| 14:00 | Build | House |
| 14:02 | Queue | Villager (Male) |
| 14:06 | Queue | Skirmisher |
| 14:25 | Queue | Skirmisher |
| 14:25 | Queue | Villager (Male) |
| 14:40 | Queue | Villager (Male) |
| 14:49 | Build | Mining Camp |
| 14:52 | Build | Mining Camp |
| 14:56 | Queue | Skirmisher |
| 15:02 | Queue | Villager (Male) |
| 15:12 | Research | Fletching |
| 15:14 | Queue | Villager (Male) |
| 15:30 | Research | Wheelbarrow |
| 15:31 | Build | Farm |
| 15:43 | Build | Watch Tower |
| 15:50 | Queue | Villager (Male) |
| 15:51 | Build | Farm |
| 16:05 | Queue | Skirmisher |
| 16:35 | Build | Mining Camp |
| 16:48 | Queue | Villager (Male) |
| 16:56 | Queue | Villager (Male) |
| 17:15 | Build | Watch Tower |
| 17:33 | Build | Mining Camp |
| 17:41 | Build | House |
| 17:53 | Build | Farm |
| 17:54 | Build | Farm |
| 18:03 | Queue | Villager (Male) |
| 18:19 | Queue | Villager (Male) |
| 18:35 | Queue | Villager (Male) |
| 18:52 | Build | Watch Tower |
| 18:55 | Queue | Villager (Male) |
| 19:01 | Build | Market |
| 19:04 | Build | Palisade Wall |
| 19:08 | Build | House |
| 19:21 | Build | Farm |
| 19:30 | Build | Stone Wall |
| 19:32 | Build | Stone Wall |
| 19:43 | Build | Stone Wall |
| 19:50 | Research | Castle Age |
| 19:50 | Research | Castle Age |
| 20:04 | Build | Gate |
| 20:04 | Build | Stone Wall |
| 20:09 | Build | House |
| 20:14 | Build | Stone Wall |
| 20:17 | Queue | Spearman |
| 20:20 | Build | Farm |
| 20:24 | Build | Farm |
| 20:39 | Queue | Spearman |
| 20:51 | Queue | Villager (Male) |
| 20:53 | Queue | Spearman |
| 21:03 | Research | Scale Mail Armor |
| 21:05 | Build | Stone Wall |
| 21:19 | Build | Stone Wall |
| 21:43 | Queue | Villager (Male) |
| 21:45 | Queue | Spearman |
| 22:03 | Queue | Spearman |
| 22:10 | Build | House |
| 22:11 | Build | House |
| 22:14 | Build | Palisade Wall |
| 22:15 | Build | Palisade Wall |
| 22:18 | Build | Palisade Wall |
| 22:26 | Build | Stone Wall |
| 22:30 | Age | Castle Age |
| 22:32 | Build | Outpost |
| 22:34 | Queue | Villager (Male) |
| 22:39 | Build | Town Center |
| 22:44 | Queue | Villager (Male) |
| 22:49 | Research | Bow Saw |
| 22:54 | Queue | Spearman |
| 23:24 | Queue | Villager (Male) |
| 23:30 | Build | Monastery |
| 23:32 | Queue | Villager (Male) |
| 23:47 | Queue | Villager (Male) |
| 24:00 | Research | Gold Mining |
| 24:02 | Queue | Villager (Male) |
Match timeline
| 7:49 | XEVER | CaboBV · first_building Barracks |
| 8:44 | No more T1LT · first_building Barracks |
| 9:01 | XEVER | CaboBV · age_up feudal |
| 9:03 | XEVER | CaboBV · first_building Archery Range |
| 9:15 | No more T1LT · age_up feudal |
| 9:25 | XEVER | CaboBV · wall_segment Palisade Wall x1 |
| 9:28 | No more T1LT · first_building Archery Range |
| 10:50 | No more T1LT · wall_segment Palisade Wall x12 |
| 10:51 | No more T1LT · wall_segment Palisade Wall x4 |
| 13:07 | XEVER | CaboBV · wall_segment Palisade Wall x5 |
| 13:15 | XEVER | CaboBV · wall_segment Palisade Wall x5 |
| 13:44 | XEVER | CaboBV · first_market_buy 100 stone |
| 13:46 | No more T1LT · wall_segment Palisade Wall x1 |
| 13:47 | No more T1LT · wall_segment Palisade Wall x1 |
| 13:52 | No more T1LT · wall_segment Palisade Wall x5 |
| 14:50 | XEVER | CaboBV · wall_segment Palisade Wall x1 |
| 18:52 | XEVER | CaboBV · first_building Stable |
| 19:04 | No more T1LT · wall_segment Palisade Wall x2 |
| 19:30 | No more T1LT · wall_segment Stone Wall x5 |
| 19:32 | No more T1LT · wall_segment Stone Wall x3 |
| 19:43 | No more T1LT · wall_segment Stone Wall x12 |
| 20:04 | No more T1LT · wall_segment Stone Wall x1 |
| 20:14 | No more T1LT · wall_segment Stone Wall x9 |
| 21:05 | No more T1LT · wall_segment Stone Wall x5 |
| 21:17 | XEVER | CaboBV · age_up castle |
| 21:19 | No more T1LT · wall_segment Stone Wall x4 |
| 22:14 | No more T1LT · wall_segment Palisade Wall x2 |
| 22:15 | No more T1LT · wall_segment Palisade Wall x1 |
| 22:18 | No more T1LT · wall_segment Palisade Wall x3 |
| 22:26 | No more T1LT · wall_segment Stone Wall x1 |
| 22:30 | No more T1LT · age_up castle |
| 22:54 | XEVER | CaboBV · first_building Siege Workshop |
| 22:58 | XEVER | CaboBV · first_building Monastery |
| 23:29 | No more T1LT · first_market_buy 100 wood |
| 23:30 | No more T1LT · first_building Monastery |
| 24:23 | No more T1LT · first_building Castle |
| 24:24 | XEVER | CaboBV · wall_segment Palisade Wall x1 |
| 24:30 | No more T1LT · wall_segment Palisade Wall x1 |
| 24:31 | No more T1LT · wall_segment Palisade Wall x1 |
| 24:33 | No more T1LT · wall_segment Palisade Wall x1 |
| 24:52 | No more T1LT · first_building Siege Workshop |
| 26:01 | No more T1LT · wall_segment Palisade Wall x1 |
| 26:11 | No more T1LT · wall_segment Stone Wall x1 |
| 30:05 | No more T1LT · first_market_sell 100 food |
| 30:17 | XEVER | CaboBV · first_building Castle |
| 30:39 | XEVER | CaboBV · wall_segment Stone Wall x1 |
| 32:11 | No more T1LT · wall_segment Stone Wall x1 |
| 34:02 | XEVER | CaboBV · first_market_sell 100 wood |
| 35:36 | XEVER | CaboBV · resign |
[ AI ANALYSIS · 1 CREDIT ]
What really happened in this match?
Wolo.gg analyzes every decision: build order, eco, micro, common mistakes by bracket. Personalized analysis on WhatsApp or Discord in 30 seconds.
Civ guide
Saracens
Perfil
Jugador #1923202